Cogmind - Beta 11.1 @@@ ROGUE MODE // 2022.05.08 @ 23:37:13 Player: Zeldest Result: Self-destructed Performance ------------- Evolutions (0) 0 Regions Visited (4) 800 Robots Destroyed (14) 70 Value Destroyed (385) 385 Prototype IDs (2) 40 Alien Tech Used (0) 0 Bonus (300) 300 TOTAL SCORE: 1595 Bonus ------- Aligned with FarCom 300 Cogmind --------- Core Integrity 22/250 Matter 261/300 Energy 55/100 System Corruption 9% Temperature Cool (0) Movement Core (350) Ox6 Location -9/Mines Parts ------- > --- POWER (1) -------- (None) > --- PROPULSION (2) --- (None) > --- UTILITY (2) ------ Large Storage Unit Experimental Sensor Array > --- WEAPON (2) ------- (None) > --- INVENTORY (15) --- Weapon Shielding Weapon Shielding Light Armor Plating Peak State ------------ > --- POWER ------------ Ion Engine > --- PROPULSION ------- Light Treads Light Treads > --- UTILITY ---------- High-capacity Storage Unit Sensor Array > --- WEAPON ----------- YOLO Cannon > --- INVENTORY -------- Ion Engine Light Treads Aluminum Leg Aluminum Leg High-capacity Matter Pod Experimental Sensor Array Transport Network Coupler Weapon Shielding Weapon Shielding Light Armor Plating EM Pulse Gun EM Shotgun EM Shotgun Assault Rifle Heavy Battle Rifle Light Cannon Mining Laser [Rating: 28] Favorites ----------- Power Ion Engine Engine Ion Engine Propulsion Light Treads Treads Light Treads Utility Sensor Array Device Sensor Array Storage High-capacity Storage Unit Weapon Light Cannon Energy Gun Small Laser Energy Cannon YOLO Cannon Ballistic Gun Assault Rifle Ballistic Cannon Light Cannon Special Weapon Mining Laser Build | -11 -10 -10 -10 -9 ------- Run | Scr Mat Min Exi Min Slots Evolved . | . . . . . Power . | . . . . . Propulsion . | . . . . . Utility . | . . . . . Weapon . | . . . . . Parts Attached 16 | 6 5 1 2 2 Power 2 | 1 1 . . . Engine 2 | 1 1 . . . Core . | . . . . . Reactor . | . . . . . Propulsion 3 | 2 1 . . . Treads 3 | 2 1 . . . Leg . | . . . . . Wheel . | . . . . . Hover . | . . . . . Flight . | . . . . . Utility 5 | 1 2 . 1 1 Device 2 | . 1 . 1 . Storage 3 | 1 1 . . 1 Processor . | . . . . . Hackware . | . . . . . Protection . | . . . . . Artifact . | . . . . . Weapon 6 | 2 1 1 1 1 Energy Gun 1 | 1 . . . . Energy Cannon 1 | . . . 1 . Ballistic Gun 2 | 1 . 1 . . Ballistic Cannon 1 | . 1 . . . Launcher . | . . . . . Special Weapon 1 | . . . . 1 Impact Weapon . | . . . . . Slashing Weapon . | . . . . . Piercing Weapon . | . . . . . Special Melee Weapon . | . . . . . Unidentified Prototypes 2 | . . . 2 . Parts Lost 7 | . . . 6 1 Power 1 | . . . 1 . Propulsion 2 | . . . 2 . Utility 2 | . . . 2 . Weapon 2 | . . . 1 1 Highest Loss Streak 6 | . . . 6 1 To Critical Strikes . | . . . . . Average Slot Usage (%) 89 | . 99 100 88 37 Engine 12 | . 14 14 13 . Treads 24 | . 28 28 26 . Device 13 | . 13 14 13 14 Storage 13 | . 14 14 13 11 Energy Cannon 1 | . . . 5 . Ballistic Gun 10 | . 14 14 7 . Ballistic Cannon 10 | . 12 14 7 . Special Weapon 1 | . . . . 11 Naked Turns 16 | . . . 16 . Heaviest Build 64 | 13 51 53 64 22 Greatest Support 40 | 40 40 40 40 3 Greatest Overweight (x) 7 | . 1 1 1 7 Average Overweight (x) . | . . 1 . 1 Largest Inventory Capacity 20 | 8 20 20 20 15 Average Capacity 17 | 7 15 20 18 13 Most Carried 19 | 5 11 15 19 5 Average Carried 10 | 2 4 12 14 3 Final Capacity 20 | 8 20 20 5 15 Final Carried 15 | 3 11 15 5 3 Class Distribution -------------------- 97% | Mutant Dominant Class ---------------- Mutant | -10/Materials Mutant | -10/Mines Mutant | -10/Exiles Mutant | -9/Mines Resources | -11 -10 -10 -10 -9 ----------- Run | Scr Mat Min Exi Min Matter Collected 505 | 260 220 15 10 . Remotely . | . . . . . Salvage Created 360 | . 169 . 191 . Parts 23 | . 18 . 5 . Haulers Intercepted 1 | . 1 . . . Recyclers Shooed . | . . . . . Parts Field Recycled . | . . . . . Retrieved Matter . | . . . . . Parts Self-Destructed . | . . . . . Prevented . | . . . . . Kills | -11 -10 -10 -10 -9 ------- Run | Scr Mat Min Exi Min Combat Hostiles Destroyed 11 | . 5 . 6 . Guns 2 | . 2 . . . Cannons 6 | . 3 . 3 . AOE 3 | . . . 3 . Classes Destroyed 7 | . 5 . 2 . Builder 1 | . 1 . . . Hauler 1 | . 1 . . . Watcher 1 | . 1 . . . Swarmer 3 | . 3 . . . Grunt 6 | . 2 . 4 . Hunter 1 | . . . 1 . Programmer 1 | . . . 1 . Best Kill Streak 5 | . 2 . 5 . Combat Bots Only 5 | . 2 . 5 . Max Kills in Single Turn 2 | . 1 . 2 . Gunslinging . | . . . . . Exploded 1 | . . . 1 . Melee . | . . . . . Uniques/NPCs Destroyed . | . . . . . Combat | -11 -10 -10 -10 -9 -------- Run | Scr Mat Min Exi Min Damage Taken 642 | . 236 . 346 60 Core 120 | . 34 . 86 . Absorbed by Shields . | . . . . . Core Remaining (%) 100 | 100 . . . . Volleys Fired 48 | . 25 . 9 14 Largest 2 | . 2 . 1 1 Hottest 100 | . 55 . 100 100 Shots Fired 72 | . 50 . 8 14 Gun 25 | . 25 . . . Cannon 33 | . 25 . 8 . Launcher . | . . . . . Special 14 | . . . . 14 Kinetic 50 | . 50 . . . Thermal 22 | . . . 8 14 Explosive . | . . . . . Electromagnetic . | . . . . . Robot Hit Streak 4 | . 4 . 2 . Robot Miss Streak 4 | . 4 . 2 . Penetration Max . | . . . . . Secondary Targets . | . . . . . Shots Hit Robots 21 | . 19 . 2 . Core Hits 14 | . 11 . 3 . Critical Kills . | . . . . . Critical Parts Destroyed . | . . . . . Critical Strikes 1 | . 1 . . . Blast 1 | . 1 . . . Melee Attacks . | . . . . . Impact . | . . . . . Slashing . | . . . . . Piercing . | . . . . . Sneak Attacks . | . . . . . Combat Hostiles . | . . . . . Follow-up Attacks . | . . . . . Damage Inflicted 1158 | . 277 . 881 . Guns 100 | . 100 . . . Cannons 549 | . 177 . 372 . Explosions 509 | . . . 509 . Melee . | . . . . . Ramming . | . . . . . Kinetic 277 | . 277 . . . Thermal 881 | . . . 881 . Explosive . | . . . . . Electromagnetic . | . . . . . Impact . | . . . . . Slashing . | . . . . . Piercing . | . . . . . Highest Corruption 9 | . . . 4 9 Average Corruption 3 | . . . 3 4 Corruption Purged . | . . . . . Corruption Blocked . | . . . . . Effects 5 | . . . 1 4 Message Errors 1 | . . . . 1 Matter Fused 2 | . . . 1 1 Heat Flow Errors 1 | . . . . 1 Data Loss (minor) 1 | . . . . 1 Overload Shots . | . . . . . Overflow Damage 242 | . 3 . 239 . Projectiles 172 | . 3 . 169 . Explosions 70 | . . . 70 . Melee . | . . . . . Knockbacks 1 | . 1 . . . Impact . | . . . . . Kinetic 1 | . 1 . . . Secondary . | . . . . . Self-Inflicted Damage 57 | . . . 57 . Shots 1 | . . . 1 . Rammed . | . . . . . Targets Rammed . | . . . . . Kicked . | . . . . . Crushed . | . . . . . Highest Temperature 265 | . 21 . 138 265 Average Temperature 63 | . 15 . 55 140 Received Heat Transfer 51 | . 33 . 18 . Siege Activations . | . . . . . Robots Corrupted . | . . . . . Combat Hostiles . | . . . . . Parts Fried . | . . . . . Impact Corruptions . | . . . . . Robots Melted . | . . . . . Combat Hostiles . | . . . . . Parts Melted 2 | . . . 2 . Heat Transferred 880 | . . . 880 . Parts Sabotaged . | . . . . . Parts Stolen . | . . . . . Parts Stripped . | . . . . . Power Chain Reactions . | . . . . . Missiles Intercepted . | . . . . . Alert | -11 -10 -10 -10 -9 ------- Run | Scr Mat Min Exi Min Peak Influence 139 | . 139 . . 3 Initial . | . . . . . Average 22 | . 74 . . 2 Maximum Alert Level . | . . . . . Low Security (%) 100 | 100 100 100 . 100 Level 1 . | . . . . . Level 2 . | . . . . . Level 3 . | . . . . . Level 4 . | . . . . . Level 5 . | . . . . . High Security . | . . . . . Max Security . | . . . . . Squads Dispatched . | . . . . . Investigation . | . . . . . Extermination . | . . . . . Reinforcement . | . . . . . Assault . | . . . . . Garrison . | . . . . . Intercept . | . . . . . Searches Triggered . | . . . . . Construction Impeded . | . . . . . Haulers Reinforced . | . . . . . Active Scanning Responses . | . . . . . Cargo Convoy Interrupts . | . . . . . Stealth | -11 -10 -10 -10 -9 --------- Run | Scr Mat Min Exi Min Distress Signals 1 | . 1 . . . Communications Jammed . | . . . . . Distress Signals . | . . . . . Times Spotted 17 | . 7 . 10 . Peak Tracking Total 7 | . 2 . 7 . Tactical Retreats 1 | . . . 1 . Traps | -11 -10 -10 -10 -9 ------- Run | Scr Mat Min Exi Min Traps Triggered . | . . . . . Indirectly . | . . . . . Trap Hack Attempts . | . . . . . Triggered . | . . . . . Disarmed . | . . . . . Reprogrammed . | . . . . . Reused . | . . . . . Traps Extracted . | . . . . . Installed . | . . . . . Triggered . | . . . . . Machines | -11 -10 -10 -10 -9 ---------- Run | Scr Mat Min Exi Min Machines Disabled 2 | . . . 2 . Max in Single Turn 1 | . . . 1 . Machines Sabotaged . | . . . . . Garrisons Compromised . | . . . . . Overloaded Fab Kills . | . . . . . Hacking | -11 -10 -10 -10 -9 --------- Run | Scr Mat Min Exi Min Machines Accessed 3 | . . . 3 . Terminals . | . . . . . Fabricators . | . . . . . Repair Stations . | . . . . . Recycling Units . | . . . . . Scanalyzers . | . . . . . Garrison Access . | . . . . . Total Hacks 26 | . . . 26 . Successful 26 | . . . 26 . Failed . | . . . . . Catastrophic . | . . . . . Database Lockouts . | . . . . . Manual 1 | . . . 1 . Terminals . | . . . . . Fabricators . | . . . . . Repair Stations . | . . . . . Recycling Units . | . . . . . Scanalyzers . | . . . . . Garrison Access . | . . . . . Terminal Hacks 26 | . . . 26 . Record 26 | . . . 26 . Fabricator Hacks . | . . . . . Repair Station Hacks . | . . . . . Recycling Unit Hacks . | . . . . . Scanalyzer . | . . . . . Garrison Access Hacks . | . . . . . Unauthorized Hacks . | . . . . . Terminals . | . . . . . Fabricators . | . . . . . Repair Stations . | . . . . . Recycling Units . | . . . . . Scanalyzers . | . . . . . Garrison Access . | . . . . . Data Cores Recovered . | . . . . . Used . | . . . . . Hacking Detections . | . . . . . Full Trace Events . | . . . . . Feedback Events . | . . . . . Feedback Blocked . | . . . . . Robot Schematics Acquired . | . . . . . Robots Built . | . . . . . Authchips . | . . . . . Time . | . . . . . Total Robot Build Rating . | . . . . . Part Schematics Acquired . | . . . . . Parts Built . | . . . . . Authchips . | . . . . . Time . | . . . . . Total Part Build Rating . | . . . . . Parts Repaired . | . . . . . Time . | . . . . . Parts Recycled . | . . . . . Recycled Matter . | . . . . . Retrieved Matter . | . . . . . Retrieved Components . | . . . . . Parts Scanalyzed . | . . . . . Part Schematics Acquired . | . . . . . Parts Damaged . | . . . . . Bothacking | -11 -10 -10 -10 -9 ------------ Run | Scr Mat Min Exi Min Used RIF Installer . | . . . . . Robots Hacked . | . . . . . Non-combat . | . . . . . Combat . | . . . . . Robot Hacks Applied . | . . . . . Relay Couplers Released . | . . . . . Fabnet Peak Effective % . | . . . . . Robots Rewired . | . . . . . Allies Hacked . | . . . . . Hacks Repelled . | . . . . . Allies | -11 -10 -10 -10 -9 -------- Run | Scr Mat Min Exi Min Total Allies . | . . . . . Largest Group . | . . . . . Highest-Rated Group . | . . . . . Highest-Rated Ally . | . . . . . Total Orders . | . . . . . Ally Attacks . | . . . . . Total Damage . | . . . . . Kills . | . . . . . Allies Corrupted . | . . . . . Allies Melted . | . . . . . Intel | -11 -10 -10 -10 -9 ------- Run | Scr Mat Min Exi Min Robot Analysis Total . | . . . . . Derelict Logs Recovered 2 | . . 1 . 1 Drone Launches . | . . . . . Drone Recoveries . | . . . . . Exploration | -11 -10 -10 -10 -9 ------------- Run | Scr Mat Min Exi Min Turns Passed 2243 | 84 498 827 607 227 Spaces Moved 964 | 55 197 343 286 83 Core 161 | 16 . . 62 83 Treads 803 | 39 197 343 224 . Legs . | . . . . . Wheels . | . . . . . Hover . | . . . . . Flight . | . . . . . Fastest Speed 50 | 50 160 240 50 50 Average Speed 203 | 128 206 240 197 113 Slowest Speed 400 | 160 240 240 240 400 Overloaded Moves . | . . . . . Propulsion Burnouts . | . . . . . Robots Hopped . | . . . . . Cave-ins Triggered 1 | . . . . 1 Exploration Rate (%) 42 | 5 39 87 64 17 Regions Visited 4 Branch Regions 3 Pre-discovered Areas 1 | . . 1 . . Known Exits Taken . | . . . . . Unknown Exits Taken 4 | 1 1 1 1 . Scrap Searched 2 | . . 2 . . Spaces Dug 14 | . . . . 14 Terrain Destroyed 25 | . . . 11 14 Melee . | . . . . . Projectile 14 | . . . . 14 AOE 11 | . . . 11 . Terrain Rammed . | . . . . . Walls Destroyed . | . . . . . Machines Disabled . | . . . . . Actions | -11 -10 -10 -10 -9 --------- Run | Scr Mat Min Exi Min Total 1129 | 69 239 347 300 174 Wait 75 | . . . . 75 Move 959 | 54 196 342 285 82 Hop . | . . . . . Pick Up 26 | 9 11 4 2 . Fast Attach . | . . . . . Attach 12 | 6 2 . 2 2 Detach 2 | . . . 2 . Swap 4 | . 3 1 . . Drop 2 | . 2 . . . Fire 48 | . 25 . 9 14 Melee . | . . . . . Ram . | . . . . . Kick . | . . . . . Crush . | . . . . . Escape Stasis 1 | . . . . 1 Rewire . | . . . . . Trap . | . . . . . Miscellaneous . | . . . . . Route ------- -11/Scrapyard -10/Materials -10/Mines (discovered 2 exits: [*Mat] / *Exi) -10/Exiles (discovered 2 exits: [*Min x2]) -9/Mines History --------- Turn | Location | Event 5 | -11/Scrapyard | Discovered new exit (range 15) 85 | -11/Scrapyard | Entered Materials 306 | -10/Materials | Build established: Mutant 510 | -10/Materials | Discovered new exit (range 8) 583 | -10/Materials | Entered Mines 1060 | -10/Mines | Found a damaged Exp. Sensor Array with a note attached 1064 | -10/Mines | Found Prototype Device 1106 | -10/Mines | Learned location of Storage (-7) 1106 | -10/Mines | Discovered new exit (range 8) 1166 | -10/Mines | A weapon hastily lodged in a ceiling crevice suddenly fell to the ground 1398 | -10/Mines | Deemed a non-threat by the Exiles lab entrance 1400 | -10/Mines | Discovered new exit (range 5) 1410 | -10/Mines | Entered Exiles 1446 | -10/Exiles | Discovered new exit (range 14) 1482 | -10/Exiles | Met 8R-AWN 1523 | -10/Exiles | Met EX-HEX 1595 | -10/Exiles | Met EX-BIN 1624 | -10/Exiles | Aligned with FarCom system 1626 | -10/Exiles | Given EX-Vault access code 1720 | -10/Exiles | Opened EX-Vault 1742 | -10/Exiles | Found Prototype Energy Cannon 1744 | -10/Exiles | Identified YOLO Cannon 1820 | -10/Exiles | Exiles lab attacked by MAIN.C 1972 | -10/Exiles | Core integrity fell below 50% 1976 | -10/Exiles | Core integrity fell below 20% 2001 | -10/Exiles | Identified Exp. Sensor Array 2012 | -10/Exiles | Discovered new exit (range 12) 2016 | -10/Exiles | Lost 6 parts (1p2n2u1w) 2017 | -10/Exiles | Entered Mines 2240 | -9/Mines | Crushed by falling debris 2244 | -9/Mines | Self-destructed Last Messages --------------- 02046_ K-01 Serf collects debris. 02057_ GM-J5T: "Oh no, it's like what happened to the Exiles when they were wandering homeless, only there's no Warlord to save us!" 02060_ System corrupted: Component data lost. 02060_ K-01 Serf collects debris. 02117_ The unstable cave ceiling collapses. 02117_ GM-J5T crushed by falling debris. 02120_ The unstable cave ceiling collapses. 02120_ GM-J5T crushed by falling debris. 02120_ GM-J5T destroyed. 02132_ The unstable cave ceiling collapses. 02139_ System corrupted: Heat flow error (+290). 02166_ The unstable cave ceiling collapses. 02187_ VQ5CC,2QT&H 6CXAJ#6LF PXYVR IDLQRS 02212_ The unstable cave ceiling collapses. 02237_ System corrupted: Matter fused (-9). 02240_ The unstable cave ceiling collapses. 02240_ Crushed by falling debris. 02240_ Mining Laser destroyed. 02240_ System corrupted by crushing effect (+5). Map ----- +----------------------------------------------------+ | ?# #???????## #??????? | | ?# """ #??????## #???????? | | ?# """ #??????# #???????? | | ?# """ #??????# ##??????? | | ?# ######## ####???? | | ?# ##??? | | ?# #??? | | ?# ####### ##### #??? | | ?####### ##?#?#?????# #### | | ??????# ### #??????# ## | | ??????# ## #??????# ## # | | ??????# ###??### ## # | | ??????# #### ## # | | ??????# ## ## # | | ????### # | | ????#### # | | ???## ####### ##### | | ???####?????## #???? | | ???# ##??????## ## ##???? | | ???####???????##########????? | | ???# ##?????????????????????? | | ???# #??????????????????????? | | ???# #??????????????????????? | | ??####??????????????????????? | | ??## #??????????????????????? | | ??##@#??????????????????????? | | ??####??????????????????????? | | ??###???????????????????????? | | | | | | | | | | | | | | | | | | | | | | | | | | | | | | | | | | | | | | | | | | | | | +----------------------------------------------------+ Best States ------------- Heat Dissipation 25 Energy Generation 10 Energy Capacity 250 Matter Stores 300 Matter Capacity 300 Sight Range 16 Robot Scan Range 20 Terrain Scan Density 10 Evasion (%) 50 Recoil Reduction 2 Item Schematics ----------------- None Robot Schematics ------------------ None Fabricated ------------ Nothing Alien Tech Used ----------------- None Achievements -------------- None Challenges ------------ None Game ------ Seed ShockMediumStripper Manual? 0 Play Time 00:15:40 Cumulative 18.8 hours Start 2022.05.08 @ 23:23:20 End 2022.05.08 @ 23:37:13 Sessions 1 Manual Loads 0 Difficulty Rogue Special Mode None Game No. 43 Rogue 43 Adventurer 0 Explorer 0 Win Type - Total 0 Types 0/0/0/0/0/0/0/0/0 Lore% 19 Gallery% 22 Achievement% 17 Wizard Run 0 Options --------- ASCII 0 Keyboard 1 Movement Numpad Keybinds 0 Fullscreen 1 Font 18/SmallcapsGlow Map View 76x50 Tactical HUD 1 Map Filters NONE Filters NONE Steam 1 RUN: b3ce22cd-d183-49c1-b166-cf6fd1325668